 Dungeon Crawl Stone Soup version 0.31-a0-237-g2d982f9f85 (webtiles) character file.

Game seed: 10651397381883799861

9 HallandMoats the Trooper (level 2, 24/24 HPs)
             Began as a Demonspawn Fighter on July 11, 2023.
             Got out of the dungeon alive.
             The game lasted 00:00:36 (386 turns).

HallandMoats the Trooper (Demonspawn Fighter)        Turns: 386, Time: 00:00:37

Health: 24/24      AC:  6    Str: 16    XL:     2   Next: 6%
Magic:  2/2        EV:  8    Int: 11    God:
Gold:   69         SH:  4    Dex: 12    Spells: 1/1 levels left

rFire   . . .        a - +0 war axe
rCold   . . .        c - +0 buckler
rNeg    . . .        b - +0 scale mail
rPois   .            (no helmet)
rElec   .            (no cloak)
rCorr   .            (no gloves)
SInv    .            (no boots)
Will    .....        (no amulet) Stlth
                     (no ring)
HPRegen 0.24/turn    (no ring)
MPRegen 0.08/turn

%: no passive effects
@: no status effects
A: big brain 1
a: no special abilities


You escaped.
You visited 1 branch of the dungeon, and saw 1 of its levels.

You collected 69 gold pieces.

Inventory:

Hand Weapons
 a - a +0 war axe (weapon)
Armour
 b - a +0 scale mail (worn)
 c - a +0 buckler (worn)
Scrolls
 e - a scroll of teleportation {unknown}
 g - a scroll of fog {unknown}
Potions
 d - a potion of might
 f - 2 potions of enlightenment {unknown}
 h - a potion of lignification {unknown}
 i - a potion of degeneration {unknown}


   Skills:
 * Level 3.2 Fighting
 * Level 2.1 Axes
 - Level 2.6 Armour
 + Level 2.8 Shields


You had one spell level left.
You didn't know any spells.
Your spell library was empty.

Dungeon Overview and Level Annotations

Branches:
Dungeon (1/15)

Altars:


Innate Abilities, Weirdness & Mutations

You have an unusually large brain. (Int +2)


Message History

You miss the bat. The bat hits you but does no damage.
The bat hits you but does no damage.
Found a short sword.
You closely miss the bat. The bat barely misses you.
You block the bat's attack.
A bat is nearby!
The bat hits you but does no damage.
You miss the bat. The bat hits you but does no damage.
You block the bat's attack. The bat barely misses you.
A goblin comes into view. It is wielding a +0 dagger.
The goblin shouts!
The bat barely misses you.
The goblin moves out of view.
The bat hits you but does no damage. The bat hits you but does no damage.
The goblin attacks as you move away! The goblin hits you but does no damage.
The bat hits you but does no damage. The goblin attacks as you move away!
You block the goblin's attack. The bat hits you but does no damage.
The bat hits you but does no damage. The bat hits you but does no damage.
The bat barely misses you. The bat hits you but does no damage.
The bat attacks as you move away! The bat barely misses you.
The bat hits you but does no damage. The bat hits you but does no damage.
The goblin hits you but does no damage.
You hit the goblin.
You kill the goblin!
You slash the bat!
You kill the bat!
You have reached level 2!
Your demonic ancestry asserts itself...
Your brain expands.
You see here a +0 dagger.
Found 13 gold pieces.
There is an open door here.
There is a staircase leading out of the dungeon here.
You can't go down here!
Are you sure you want to leave the Dungeon?
This will make you lose the game!
You have escaped!

#.. #.# #.# #.# ## #.#
#.# #.# .# ##.#####.#
##.###.##
##........###.......#
..............⌠...⌠.#
.#.........##..###..#
.#.....#.#.#...'@#..#
.........#.....###..#
#..#...###.#..⌠...⌠...#
.#.........##.(.....#.#
#..........#########....
.########.## .##. #.#
#...# # ..# #...# ####
#...#####


There were no monsters in sight!

Vanquished Creatures
  A dart slug (D:1)
  An endoplasm (D:1)
  A goblin (D:1)
  A hobgoblin (D:1)
  2 bats (D:1)
  A frilled lizard (D:1)
  A rat (D:1)
8 creatures vanquished.

Notes
Turn   | Place    | Note
-------+----------+-------------------------------------------
     0 | D:1      | HallandMoats the Demonspawn Fighter began the quest for the
                  | Orb.
     0 | D:1      | Reached XP level 1. HP: 18/18 MP: 1/1
   330 | D:1      | Gained mutation: You have an unusually large brain. (Int
                  | +2) [demonic ancestry]
   330 | D:1      | Reached XP level 2. HP: 24/24 MP: 2/2
   386 | D:$      | Got out of the dungeon alive.

Illustrated notes

Levels and vault maps discovered:
D:1:      scummos_arrival_simple_fountains, layout_loops_cross,
          kennysheep_small_spiral, columned_hall_lemuel, minmay_tiny_reverse_x

Skill      XL: |  1 |
---------------+----+-----
Axes           | 2 |  2.1
Fighting       | |  3.2
Armour         | |  2.6
Shields        | |  2.8

Action                     || total
---------------------------++-------
  Melee: War axe           ||    25
 Armour: Scale mail        ||    33
  Dodge: Dodged            ||    12
  Block: Buckler           ||     8

Table legend: (Time is in decaauts)
 A = Elapsed time spent in this place.
 B = Non-inter-level travel time spent in this place.
 C = Inter-level travel time spent in this place.
 D = Time resting spent in this place.
 E = Time spent auto-exploring this place.
 F = Levels seen in this place.
 G = Mean time per level.
                   A        B        C        D        E       F      G
               +--------+--------+--------+--------+--------+-----+--------+
         Total |    399 |    344 |     55 |      0 |    243 |   1 |  399.0 |
       Dungeon |    399 |    344 |     55 |      0 |    243 |   1 |  399.0 |
               +--------+--------+--------+--------+--------+-----+--------+

Top non-repeatable levels by time:
     D:1: 399 daAuts
